 Dungeon Crawl Stone Soup version 0.28-a0-984-g3775c662fe (webtiles) character file.

Game seed: 3182314225314469610

119 rogsnak the Gusty (level 4, -2/33 HPs)
             Began as a Draconian Air Elementalist on Dec 3, 2021.
             Was a Follower of Sif Muna.
             Succumbed to a gnoll's poison
             ... on level 3 of the Dungeon.
             The game lasted 00:07:02 (3466 turns).

rogsnak the Gusty (Draconian Air Elementalist)      Turns: 3466, Time: 00:07:03

Health: -2/33      AC:  5    Str: 10    XL:     4   Next: 73%
Magic:  1/7        EV: 12    Int: 18    God:    Sif Muna [*.....]
Gold:   103        SH:  0    Dex: 11    Spells: 0/8 levels left

rFire   . . .      SeeInvis .   w - +0 rapier
rCold   . . .      Faith    .   (no shield)
rNeg    . . .      Spirit   .   (armour unavailable)
rPois   .          Reflect  .   (helmet restricted)
rElec   .          Harm     .   (no cloak)
rCorr   .          Rampage  .   (no gloves)
Will    .....                   (no boots)
Stlth   ++........              (no amulet)
HPRegen 0.11/turn               (no ring)
MPRegen 0.10/turn               (no ring)

@: lethally poisoned (-2 -> -19), attractive, very slightly contaminated
A: AC +5, unfitting armour, cold-blooded
a: Renounce Religion, Channel Magic


You were on level 3 of the Dungeon.
You worshipped Sif Muna.
Sif Muna was aware of your devotion.
You visited 1 branch of the dungeon, and saw 4 of its levels.

You collected 103 gold pieces.

Inventory:

Hand Weapons
 d - a +0 dagger
 h - a +0 short sword
 w - a +0 rapier (weapon)
Missiles
 b - 26 bolts
 c - 165 stones
 q - a throwing net
Magical Staves
 r - a staff of death
Wands
 o - a wand of iceblast (3)
Scrolls
 a - 2 scrolls of immolation
 e - a scroll of brand weapon {unknown}
 f - a scroll of holy word {unknown}
 g - 4 scrolls of amnesia {unknown}
 k - 3 scrolls of teleportation {unknown}
 n - a scroll of torment {unknown}
 p - a scroll of fear {unknown}
 s - a scroll of noise {unknown}
 v - a scroll of identify {unknown}
 x - a scroll of enchant weapon {unknown}
Potions
 i - a potion of invisibility {unknown}
 j - a potion of curing {unknown}
 l - a potion of attraction
 m - a potion of might {unknown}
 t - a potion of brilliance {unknown}
 u - a potion of magic {unknown}


   Skills:
 + Level 1.9 Dodging
 + Level 1.9 Stealth
 + Level 2.6 Spellcasting
 * Level 3.1 Conjurations
 + Level 3.9 Air Magic


You couldn't memorise any spells.
You knew the following spells:

 Your Spells              Type           Power      Damage    Failure   Level
a - Shock                 Conj/Air       60%        1d6       4%          1
b - Swiftness             Air            16%        N/A       10%         3
c - Airstrike             Air            8%         N/A       32%         4

Your spell library contained the following spells:

 Spells                   Type           Power      Damage    Failure   Level
 Static Discharge         Conj/Air       15%        N/A       6%          2
 Foxfire                  Conj/Fire      28%        2x1d5     9%          1
 Sandblast                Erth           4%         2d4       17%         1
 Slow                     Hex            8%         N/A       17%         1
 Passwall                 Tmut/Erth      1%         N/A       26%         2
 Conjure Flame            Conj/Fire      7%         6-21      26%         3
 Stone Arrow              Conj/Erth      14%        3d7       26%         3
 Confusing Touch          Hex            2%         N/A       45%         3
 Inner Flame              Hex/Fire       2%         N/A       45%         3
 Flame Wave               Conj/Fire      7%         2d4       65%         4
 Yara's Violent Unravell  Hex/Tmut       1%         3d3       99%         5


Dungeon Overview and Level Annotations

Branches:
Dungeon (4/15)
 Temple: D:4-7

Altars:
Kikubaaqudgha
Qazlal
Sif Muna


Innate Abilities, Weirdness & Mutations

Your plain brown scales are hard. (AC +5)
You cannot fit into any form of body armour.
You are cold-blooded and may be slowed by cold attacks.


Message History

Press: ? - help, Shift-Dir - straight line The zap misses the gnoll. x2
You feel very sick. The gnoll barely misses you.
Unknown command.
Unknown command.
Casting: Shock (safe; 4% risk of failure)
Confirm with . or Enter, or press ? or * to list all spells.
Aiming: Shock (safe; 4% risk of failure)
Press: ? - help, Shift-Dir - straight line The zap misses the gnoll. x2
* * * LOW HITPOINT WARNING * * *
You feel sick. The gnoll barely misses you.
Unknown command.
Unknown command.
Casting: Shock (safe; 4% risk of failure)
Confirm with . or Enter, or press ? or * to list all spells.
You don't have enough magic to cast this spell.
Unknown command.
Unknown command.
Unknown command.
You barely miss the gnoll.
The gnoll is almost dead.
* * * LOW HITPOINT WARNING * * *
You feel sick.
The gnoll hits you with a +0 whip of venom.
* * * LOW HITPOINT WARNING * * *
You are lethally poisoned!
Okay, then.
You hit the gnoll.
The gnoll is almost dead.
* * * LOW HITPOINT WARNING * * *
You feel sick.
The gnoll hits you with a +0 whip of venom.
* * * LOW HITPOINT WARNING * * *
You are more poisoned.
Unknown command.
It was a potion of attraction.
You feel attractive to monsters.
You die...

#### ##
#...# #.
.[)#.##
#..#.# #
#..## #.
##..# ####
#.# ##g#
#... #..#
##@.# #.##
#..# ##..##
#.#
#..###()#.#
#.#
#..#..#.##
#.##
#...#.#.#
#...
##.######
#### #..#
#.## #.# #


You could see a gnoll.

Vanquished Creatures
  A gnoll (D:3)
  4 adders
  3 orcs (D:3)
  3 ball pythons
  12 endoplasms
  6 giant cockroaches
  3 goblins (D:2)
  7 hobgoblins
  3 jackals (D:1)
  2 quokkas
  4 bats
  A frilled lizard (D:3)
  6 kobolds
  11 rats
66 creatures vanquished.

Vanquished Creatures (others)
  11 plants (D:1)
11 creatures vanquished.

Grand Total: 77 creatures vanquished

Notes
Turn   | Place    | Note
-------+----------+-------------------------------------------
     0 | D:1      | rogsnak the Draconian Air Elementalist began the quest for
                  | the Orb.
     0 | D:1      | Reached XP level 1. HP: 14/14 MP: 3/3
   433 | D:1      | Reached XP level 2. HP: 17/20 MP: 1/5
  1208 | D:1      | Reached XP level 3. HP: 26/26 MP: 1/6
  1735 | D:2      | Found a shimmering blue altar of Sif Muna.
  1788 | D:2      | Became a worshipper of Sif Muna the Loreminder
  1814 | D:2      | Found a faded altar of an unknown god.
  2042 | D:2      | Reached XP level 4. HP: 33/33 MP: 3/7
  2504 | D:3      | Found a stormy altar of Qazlal.
  2682 | D:3      | Learned a level 3 spell: Swiftness
  2687 | D:3      | Learned a level 4 spell: Airstrike
  2781 | D:3      | Found an ancient bone altar of Kikubaaqudgha.
  2996 | D:3      | You fall into a shaft and drop 1 floor!
  2996 | D:4      | Noticed an ogre
  3295 | D:3      | Reached * piety under Sif Muna
  3465 | D:3      | HP: 1/33 [gnoll (2)]
  3466 | D:3      | Succumbed to a gnoll's poison

Illustrated notes

Levels and vault maps discovered:
D:1:      tarquinn_simple_flora_water_e, layout_loops_ring,
          serial_bayou_lagoon_b
D:2:      layout_basic, basic_altar, hellmonk_ecumenical_altar_blasted
D:3:      minmay_diamond_boxcup, layout_loops_cross, lemuel_crystal_altar,
          grunt_qazlal_sundering
D:4:      layout_layer_cave, kennysheep_orc_chapel

Skill      XL: |  1  2  3  4 |
---------------+-------------+-----
Conjurations   | 2 3 |  3.1
Dodging        | |  1.9
Stealth        | |  1.9
Spellcasting   | |  2.6
Air Magic      | |  3.9

Action                   |  1- 3 |  4- 6 || total
-------------------------+-------+-------++-------
Melee: Unarmed           |    20 |       ||    20
       Dagger            |    13 |       ||    13
       Tailslap          |     1 |       ||     1
       Short sword       |     4 |    12 ||    16
       Rapier            |       |     4 ||     4
 Cast: Shock             |    87 |    45 ||   132
  Use: Potion            |       |     1 ||     1
 Stab: Sleeping          |       |     1 ||     1
Armor: Skin              |    14 |     8 ||    22
Dodge: Dodged            |    33 |    22 ||    55

Table legend: (Time is in decaauts)
 A = Elapsed time spent in this place.
 B = Non-inter-level travel time spent in this place.
 C = Inter-level travel time spent in this place.
 D = Time resting spent in this place.
 E = Time spent auto-exploring this place.
 F = Levels seen in this place.
 G = Mean time per level.
                   A        B        C        D        E       F      G
               +--------+--------+--------+--------+--------+-----+--------+
         Total |   3481 |   3416 |     65 |    988 |   1942 |   4 |  870.2 |
       Dungeon |   3481 |   3416 |     65 |    988 |   1942 |   4 |  870.2 |
               +--------+--------+--------+--------+--------+-----+--------+

Top non-repeatable levels by time:
     D:1: 1606 daAuts
     D:3: 897 daAuts
     D:2: 876 daAuts
     D:4: 101 daAuts
